 Dungeon Crawl Stone Soup version 0.19.4 (webtiles) character file.

199 Azzok the Shield-Bearer (level 5, 0/33 HPs)
             Began as a Gargoyle Fighter on Feb 1, 2017.
             Slain by an orc warrior
             ... wielding a +0 trident
              (6 damage)
             ... on level 4 of the Dungeon.
             The game lasted 00:06:18 (2635 turns).

Azzok the Shield-Bearer (Gargoyle Fighter)          Turns: 2635, Time: 00:06:19

Health: 0/33       AC: 13    Str: 21    XL:     5   Next: 77%
Magic:  5/5        EV:  7    Int:  8    God:
Gold:   192        SH: 12    Dex:  9    Spells: 0 memorised, 4 levels left

rFire  . . .     SeeInvis .     t - +2 whip (venom)
rCold  . . .     Gourm    .     b - +0 scale mail
rNeg   + . .     Faith    .     c - +0 shield
rPois  ∞         Spirit   .     v - +0 helmet
rElec  +         Reflect  +     (no cloak)
rCorr  .         Harm     .     s - +0 pair of gloves
MR     .....                    (no boots)
Stlth  ..........               q - +3 amulet of reflection
                                (no ring)
                                (no ring)

@: no status effects
A: negative energy resistance 1, electricity resistance, unbreathing,
petrification resistance, rot immunity, AC +4
a: no special abilities


You were on level 4 of the Dungeon.
You were not hungry.

You visited 1 branch of the dungeon, and saw 4 of its levels.

You collected 192 gold pieces.

Inventory:

Hand Weapons
 t - a +2 whip of venom (weapon)
Armour
 b - a +0 scale mail (worn)
 c - a +0 shield (worn)
 s - a +0 pair of gloves (worn)
 v - a +0 helmet (worn)
Jewellery
 q - a +3 amulet of reflection (around neck)
Wands
 a - a wand of polymorph (14/24)
Scrolls
 g - a scroll of blinking
 h - a scroll of noise
 k - 2 scrolls of fear
 p - a scroll of remove curse
 r - a scroll of identify
Potions
 d - a potion of might
 e - 2 potions of lignification {unknown}
 i - 2 potions of mutation {unknown}
 j - 2 potions of degeneration {unknown}
 m - a potion of invisibility {unknown}
 n - a potion of brilliance {unknown}
 o - a potion of cure mutation {unknown}
 u - a potion of berserk rage {unknown}
Comestibles
 f - a bread ration


   Skills:
 + Level 3.9 Fighting
 * Level 4.0 Maces & Flails
 + Level 4.2 Armour
 + Level 4.3 Shields


You had 4 spell levels left.
You didn't know any spells.

Dungeon Overview and Level Annotations

Branches:
Dungeon (4/15)
 Temple: D:4-7

Altars:
Nemelex Xobeh


Innate Abilities, Weirdness & Mutations

You are resistant to torment.
Your stone body is resilient. (AC +4)
You are immune to poison.
You resist negative energy. (rN+)
You are resistant to electric shocks. (rElec)
You can survive without breathing.
You are immune to petrification.
You are immune to rotting.


Message History

An orc priest comes into view. It is wielding a hand axe of freezing.
The orc priest shouts!
You hit the orc.
You kill the orc!
You block the orc warrior's attack. You block the orc warrior's attack.
Things that are here:
a short sword; an orc corpse You hit the orc warrior but do no damage.
The orc warrior is poisoned.
The orc warrior hits you with a trident!
You closely miss the orc warrior.
The orc warrior hits you with a trident!
Ouch! That really hurt!
* * * LOW HITPOINT WARNING * * *
The orc priest looks encouraged for a moment.
You closely miss the orc warrior.
The orc warrior is lightly wounded.
The orc warrior hits you with a trident.
You die...

▒▒▒ ··▒ ▒·▒ ·▒ ▒·▒
·▒ ·o· ·▒ ▒o▒ ·▒
▒o▒ ·▒ ▒@▒ ·▒ ▒·▒
·▒ ▒·▒ ·▒▒▒▒ ▒·▒
····▒ ▒·▒
····▒▒▒▒▒▒▒▒▒▒▒▒·▒
·················▒
····▒▒▒▒▒▒▒▒▒▒▒▒▒▒
····▒


You could see an orc warrior, an orc priest and an orc wizard.

Vanquished Creatures
  9 adders
  2 oozes (D:1)
  2 worms
  4 dart slugs
  A leopard gecko (D:3)
  11 orcs
  2 giant cockroaches (D:3)
  8 goblins
  10 hobgoblins
  8 jackals (D:3)
  2 quokkas
  2 ball pythons (D:3)
  9 bats
  3 frilled lizards
  6 kobolds
  6 rats
85 creatures vanquished.

Notes
Turn   | Place    | Note
-------+----------+-------------------------------------------
     0 | D:1      | Azzok the Gargoyle Fighter began the quest for the Orb.
     0 | D:1      | Reached XP level 1. HP: 14/14 MP: 1/1
   192 | D:1      | Reached XP level 2. HP: 19/19 MP: 2/2
   780 | D:2      | Reached XP level 3. HP: 23/23 MP: 3/3
  1048 | D:2      | Reached XP level 4. HP: 21/28 MP: 4/4
  1186 | D:2      | Found a faded altar of an unknown god.
  1418 | D:2      | Found a sparkling altar of Nemelex Xobeh.
  1643 | D:3      | Reached XP level 5. HP: 31/33 MP: 5/5
  2629 | D:4      | Noticed an orc warrior
  2635 | D:4      | Slain by an orc warrior

Skill      XL: |  1  2  3  4  5 |
---------------+----------------+-----
Maces & Flails | 3 4 |  4.0
Shields        | 4 |  4.3
Armour         | 4 |  4.2
Fighting       | |  3.9

Action                   |  1- 3 |  4- 6 || total
-------------------------+-------+-------++-------
Melee: Flail             |    89 |   176 ||   265
       Whip              |       |    45 ||    45
  Use: Scroll            |       |     7 ||     7
  Eat: Chunk             |     1 |     5 ||     6
Armor: Scale mail        |    41 |    94 ||   135
Dodge: Dodged            |    26 |    55 ||    81
Block: Shield            |    41 |   147 ||   188
       Reflection        |       |     4 ||     4
